 Dungeon Crawl Stone Soup version 0.31-a0-66-ge618eeaa78 (webtiles) character file.

Game seed: 7748883026210974338

62 ytrimaz the Chucker (level 4, 0/44 HPs)
             Began as an Ogre Gladiator on May 22, 2023.
             Succumbed to an adder's poison
             ... on level 3 of the Dungeon.
             The game lasted 00:01:55 (1800 turns).

ytrimaz the Chucker (Ogre Gladiator)                Turns: 1800, Time: 00:01:56

Health: 0/44       AC:  3    Str: 20    XL:     4   Next: 8%
Magic:  4/4        EV: 10    Int:  9    God:
Gold:   94         SH:  0    Dex: 10    Spells: 3/3 levels left

rFire   + . .        a - +0 flail (heavy)
rCold   . . .        (no shield)
rNeg    . . .        b - +0 robe
rPois   .            c - +0 hat
rElec   .            (no cloak)
rCorr   .            (gloves unavailable)
SInv    .            (boots unavailable)
Will    .....        (no amulet)
Stlth   +            k - ring of protection from fire
HPRegen 0.27/turn    (no ring)
MPRegen 0.09/turn

%: no passive effects
@: lethally poisoned (0 -> -10)
A: large, unfitting armour, tough skin 1
a: no special abilities


You were on level 3 of the Dungeon.
You visited 1 branch of the dungeon, and saw 3 of its levels.

You collected 94 gold pieces.


Innate Abilities, Weirdness & Mutations

You are too large for most types of armour.
You have tough skin. (AC +1)


   Skills:
 - Level 2.6 Fighting
 + Level 3.1 Maces & Flails
 * Level 3.3 Throwing
 + Level 3.2 Dodging


You had 3 spell levels left.
You didn't know any spells.
Your spell library was empty.

Inventory:

Hand Weapons
 a - a +0 heavy flail (weapon)
 j - a +0 whip of flaming
   (You took it off a kobold on level 1 of the Dungeon)
Missiles
 d - 4 throwing nets
 e - a large rock
 l - 5 poisoned darts (quivered)
Armour
 b - a +0 robe (worn)
 c - a +0 hat (worn)
Jewellery
 k - a ring of protection from fire (left hand)
   (You found it on level 2 of the Dungeon)
Scrolls
 f - 5 scrolls of identify {unknown}
 h - a scroll of blinking
 i - a scroll of vulnerability {unknown}
 n - 2 scrolls of teleportation {unknown}
Potions
 g - a potion of haste {unknown}
 m - a potion of might {unknown}

Dungeon Overview and Level Annotations

Branches:
Dungeon (3/15) Zot: 16149

Altars:

#.# #.# ###.### #.##.####
#.# #.####### #.# #....#
#. #.......# #†# #.##.#
#######.####.# #.##.#
#......# #.##.# ########
#.##.# ######## #.##.#
.......############.##.#
...###.rSgS@.........##.#
........############.##.#
...##................##.#
#.....####.#.######.#
........# ##.## #.#
........... ##.# #.#
...........##> ##.## #.#
....#...#$## #.#.######.#
###.#...#.# #.........#


You could see 2 adders, a goblin and a rat.


Message History

Your hp is fully restored (44).
A dart slug is nearby!
A dart slug is nearby!
The dart slug launches a dart at you. The slug dart hits you. 😕 HP[-4]
You take 4 damage, and now have 40/44 hp.
The dart slug launches a dart at you. The slug dart hits you. 😕 HP[-4]
You take 4 damage, and now have 36/44 hp. 😕 HP[+1] Unknown command.
You bludgeon the dart slug!!
You kill the dart slug!
No target in view! 😕 HP[+1] No target in view!
Unknown command.
You now have 66 gold pieces (gained 11).
Key pressed, stopping explore.
You now have 74 gold pieces (gained 8).
You see here a staff of earth. 😎 HP[+6]
Your hp is fully restored (44).
Key pressed, stopping explore.
You now have 94 gold pieces (gained 20).
Found a stone staircase leading down.
A rat comes into view.
A rat is nearby!
An adder comes into view.
The rat misses you.
You closely miss the rat. The rat barely misses you.
A goblin comes into view. It is wielding a +0 dagger.
The rat barely misses you.
Unknown command.
You completely miss the rat.
The goblin shouts!
The adder hisses angrily.
The rat bites you.
An adder comes into view.
The adder misses you. 😕 HP[-1]
You take 1 damage, and now have 43/44 hp.
You barely miss the adder. The rat bites you but does no damage.
The adder closely misses you. The rat bites you but does no damage.
The adder bites you. 😕 HP[-1]
You take 1 damage, and now have 42/44 hp.
You barely miss the rat. The adder bites you.
The rat bites you but does no damage. The adder bites you.
The rat barely misses you. The adder bites you. 😕 HP[-7]
You take 7 damage, and now have 35/44 hp.
You closely miss the adder. The adder bites you but does no damage.
The rat closely misses you. The adder bites you but does no damage.
The rat barely misses you.
The goblin hits you with a +0 dagger. 😕 HP[-1]
You take 1 damage, and now have 34/44 hp.
Unknown command.
You barely miss the rat. The adder bites you. The rat barely misses you.
The goblin closely misses you. The adder bites you. x2
The goblin hits you with a +0 dagger. The rat bites you. 😮 HP[-10]
You take 10 damage, and now have 24/44 hp.
MASSIVE DAMAGE!! (PAUSE)
The adder attacks as you move away! The adder closely misses you.
The goblin attacks as you move away! The goblin closely misses you.
The adder attacks as you move away! The adder closely misses you.
The adder completely misses you.
Unknown command. 😮 HP[+1]
The adder attacks as you move away! The adder bites you.
You are poisoned.
The adder poisons you!
You feel sick. 😨 HP[-3]
You take 3 damage, and now have 22/44 hp.
You closely miss the adder.
You feel sick. The adder bites you.
* * * LOW HITPOINT WARNING * * *
The adder bites you.
* * * LOW HITPOINT WARNING * * *
The adder bites you but does no damage. 😨 HP[-6]
You take 6 damage, and now have 16/44 hp.
You miss the adder.
You feel sick. The adder bites you.
* * * LOW HITPOINT WARNING * * *
You are more poisoned.
The adder poisons you!
The adder bites you but does no damage. 😨 HP[-3]
You take 3 damage, and now have 13/44 hp.
You miss the adder.
You feel very sick. The adder bites you.
* * * LOW HITPOINT WARNING * * *
You are lethally poisoned!
The adder poisons you! The adder bites you.
* * * LOW HITPOINT WARNING * * *
The adder bites you.
* * * LOW HITPOINT WARNING * * *
You barely miss the adder.
You die...

Skill      XL: |  1  2  3 |
---------------+----------+-----
Maces & Flails | 3 |  3.1
Dodging        | 3 |  3.2
Throwing       | 3 |  3.3
Fighting       | |  2.6

Action                     |  1- 3 |  4- 6 || total
---------------------------+-------+-------++-------
  Melee: Flail             |   100 |    11 ||   111
         Whip              |     1 |       ||     1
         Punch             |     1 |       ||     1
    Use: Scroll            |     4 |       ||     4
   Stab: Sleeping          |     1 |       ||     1
 Armour: Robe              |    45 |     7 ||    52
  Dodge: Dodged            |    81 |    14 ||    95

Levels and vault maps discovered:
D:1:      wander_arrival_desolate, layout_basic, minmay_splitting_lines
D:2:      layout_rooms
D:3:      layout_loops_ring, chequers_serial_rivers_marsh

Notes
Turn   | Place    | Note
-------+----------+-------------------------------------------
     0 | D:1      | ytrimaz the Ogre Gladiator began the quest for the Orb.
     0 | D:1      | Reached XP level 1. HP: 22/22 MP: 1/1
     0 | D:1      | magus.rc [v1.9.6]
    42 | D:1      | Reached XP level 2. HP: 25/29 MP: 2/2
   404 | D:1      | Reached skill level 3 in Maces & Flails
   404 | D:1      | Reached skill level 3 in Dodging
   404 | D:1      | Reached XP level 3. HP: 29/36 MP: 3/3
   774 | D:1      | Reached skill level 3 in Throwing
  1624 | D:3      | Reached XP level 4. HP: 42/44 MP: 4/4
  1799 | D:3      | HP: 10/44 [poisoned by an adder]
  1799 | D:3      | HP: 3/44 [adder (2)]
  1800 | D:3      | Succumbed to an adder's poison

Vanquished Creatures
  A gnoll (D:1)
  An adder (D:3)
  2 dart slugs
  2 bats (D:1)
  7 endoplasms
  4 goblins
  2 hobgoblins (D:1)
  3 jackals (D:2)
  3 quokkas (D:1)
  2 ball pythons (D:1)
  3 frilled lizards
  2 kobolds (D:1)
  6 rats
38 creatures vanquished.

Table legend:
 A = Non-vault XP
 B = Vault XP
 C = Vault XP percentage of total XP
 D = Non-vault monster count
 E = Vault monster count
 F = Vault count percentage of total count
                 A         B        C        D         E       F
            +---------+---------+-------+---------+---------+-------
      Total |      89 |       0 |   0.0 |      38 |       0 |   0.0
            +---------+---------+-------+---------+---------+-------
        D:1 |      55 |       0 |   0.0 |      25 |       0 |   0.0
        D:2 |      16 |       0 |   0.0 |      10 |       0 |   0.0
        D:3 |      18 |       0 |   0.0 |       3 |       0 |   0.0
            +---------+---------+-------+---------+---------+-------

Skill      XL: |  1  2  3 |
---------------+----------+-----
Maces & Flails | 3 |  3.1
Dodging        | 3 |  3.2
Throwing       | 3 |  3.3
Fighting       | |  2.6

Action                     |  1- 3 |  4- 6 || total
---------------------------+-------+-------++-------
  Melee: Flail             |   100 |    11 ||   111
         Whip              |     1 |       ||     1
         Punch             |     1 |       ||     1
    Use: Scroll            |     4 |       ||     4
   Stab: Sleeping          |     1 |       ||     1
 Armour: Robe              |    45 |     7 ||    52
  Dodge: Dodged            |    81 |    14 ||    95

Illustrated notes

Table legend:
 A = Kills in this place as a percentage of kills in the entire game.
 B = Kills by you in this place as a percentage of kills by you in the entire game.
 C = Kills by friends in this place as a percentage of kills by friends in the entire game.
 D = Other kills in this place as a percentage of other kills in the entire game.
 E = Experience gained in this place as a percentage of experience gained in the entire game.
 F = Experience gained in this place divided by the number of levels of this place that you have seen.
                   A       B       C       D       E      F
               +-------+-------+-------+-------+-------+----------------------
         Total | 100.0 | 100.0 |   N/A |   N/A | 100.0 |  29.7
       Dungeon | 100.0 | 100.0 |   N/A |   N/A | 100.0 |  29.7
               +-------+-------+-------+-------+-------+----------------------

Table legend: (Time is in decaauts)
 A = Elapsed time spent in this place.
 B = Non-inter-level travel time spent in this place.
 C = Inter-level travel time spent in this place.
 D = Time resting spent in this place.
 E = Time spent auto-exploring this place.
 F = Levels seen in this place.
 G = Mean time per level.
                   A        B        C        D        E       F      G
               +--------+--------+--------+--------+--------+-----+--------+
         Total |   1850 |   1813 |     37 |    100 |   1357 |   3 |  616.7 |
       Dungeon |   1850 |   1813 |     37 |    100 |   1357 |   3 |  616.7 |
               +--------+--------+--------+--------+--------+-----+--------+

Top non-repeatable levels by time:
     D:1: 1032 daAuts
     D:2: 568 daAuts
     D:3: 250 daAuts
